Map: Orbital Shipyard

Players

MorN - Winner!

  • Race: Terran Terran
  • League: Master

FoxeR

  • Race: Terran Terran
  • League: Master

VOD

Have the link to the VOD?

Description

Time

  • Played on: Jan. 18, 2016, 9:41 p.m.
  • Length: 4:14
Show
View Real Time Build Order
Export as new Build Order

MorN Terran - Winner!

Build Orders: 1/1/1, Cyclone Opening 

Get SALT Encoding   

  12  0:00  SCV  
  13  0:13  SCV  
  14  0:17  Supply Depot  
  14  0:25  SCV  
  15  0:39  SCV  
  15  0:40  Barracks  
  16  0:44  Refinery  
  16  0:51  SCV  
  16  0:54  Refinery  
  17  1:03  SCV  
  18  1:17  SCV  
  19  1:29  Orbital Command, Marine  
  20  1:35  Factory  
  20  1:47  Marine  
  20  1:53  Supply Depot  
  21  1:58  SCV  
  21  2:05  Marine  
  22  2:10  SCV  
  23  2:19  Factory Tech Lab  
  23  2:21  Starport  
  23  2:24  SCV  
  23  2:27  Marine  
  25  2:35  Supply Depot  
  25  2:41  Cyclone  
  28  2:46  SCV  
  28  2:47  Marine  
  30  2:58  SCV  
  31  3:00  Medivac  
  33  3:05  Marine  
  33  3:10  SCV  
  33  3:12  Supply Depot  
  35  3:21  Siege Tank  
  35  3:23  SCV  
  39  3:33  Barracks Reactor  
  39  3:41  Supply Depot  
  39  3:47  SCV  
  43  3:59  SCV  
  45  4:14  Command Center  
Show
View Real Time Build Order
Export as new Build Order

FoxeR Terran 

Build Orders: 1/1/1 

Get SALT Encoding   

  12  0:01  SCV  
  13  0:13  SCV  
  14  0:18  Supply Depot  
  14  0:25  SCV  
  15  0:34  Refinery  
  15  0:39  SCV  
  16  0:45  Barracks  
  16  0:54  SCV  
  17  1:06  SCV  
  18  1:14  Refinery  
  18  1:18  SCV  
  19  1:33  Marine  
  19  1:34  Orbital Command  
  19  1:35  Factory  
  20  1:43  Supply Depot  
  20  1:51  Marine  
  21  1:59  SCV  
  22  2:08  Marine  
  22  2:12  SCV  
  24  2:20  Starport  
  24  2:21  Widow Mine  
  26  2:24  SCV  
  26  2:27  Supply Depot, Marine  
  28  2:36  SCV  
  29  2:48  SCV, Marine  
  29  2:51  Hellion  
  33  2:55  Supply Depot  
  33  3:03  Medivac  
  35  3:07  Marine  
  35  3:12  Hellion  
  38  3:25  Marine  
  39  3:28  Command Center  
  39  3:32  SCV  
  40  3:46  Barracks Reactor  
  41  3:48  SCV  
  36  4:02  Factory Tech Lab, SCV  
  37  4:06  Command Center  
  36  4:14  Supply Depot  
Tags
 
Add a new tag
Caveats
  • Supply blocks, unpowered buildings, or Contaminate may cause inaccurate times.
  • Supply counts are checked every 10 seconds.